Cogmind - Beta 11 X10 @@@ ROGUE MODE // 2022.02.22 @ 04:57:55 Player: leiavoia Result: Destroyed by as-12113 with Assembled Blade Performance ------------- Evolutions (0) 0 Regions Visited (2) 400 Robots Destroyed (10) 50 Value Destroyed (169) 169 Prototype IDs (3) 60 Alien Tech Used (0) 0 Bonus (0) 0 TOTAL SCORE: 679 Bonus ------- None Cogmind --------- Core Integrity 0/250 Matter 258/300 Energy 100/100 System Corruption 4% Temperature Cool (0) Movement Treading (160) Location -10/Mines Parts ------- > --- POWER (1) -------- (None) > --- PROPULSION (2) --- Light Treads Light Treads > --- UTILITY (2) ------ Small Storage Unit Seismic Detector > --- WEAPON (2) ------- Assault Rifle > --- INVENTORY (8) ---- Light Ion Engine Aluminum Leg Aluminum Leg Wheel Wheel Medium Storage Unit Large Storage Unit Improved Terrain Scanner Peak State ------------ > --- POWER ------------ Light Ion Engine > --- PROPULSION ------- Aluminum Leg Aluminum Leg > --- UTILITY ---------- Small Storage Unit Seismic Detector > --- WEAPON ----------- Assault Rifle Light Assault Rifle > --- INVENTORY -------- Light Ion Engine Light Treads Light Treads Wheel Wheel Improved Terrain Scanner Improved Terrain Scanner EM Pulse Gun [Rating: 8] Favorites ----------- Power Light Ion Engine Engine Light Ion Engine Propulsion Aluminum Leg Treads Light Treads Leg Aluminum Leg Utility Small Storage Unit Device Seismic Detector Storage Small Storage Unit Weapon Assault Rifle Energy Gun EM Pulse Gun Ballistic Gun Assault Rifle Build | -11 -10 -10 ------- Run | Scr Mat Min Slots Evolved . | . . . Power . | . . . Propulsion . | . . . Utility . | . . . Weapon . | . . . Parts Attached 6 | 2 2 2 Power . | . . . Engine . | . . . Core . | . . . Reactor . | . . . Propulsion 2 | . . 2 Treads 2 | . . 2 Leg . | . . . Wheel . | . . . Hover . | . . . Flight . | . . . Utility 1 | 1 . . Device 1 | 1 . . Storage . | . . . Processor . | . . . Hackware . | . . . Protection . | . . . Artifact . | . . . Weapon 3 | 1 2 . Energy Gun 1 | . 1 . Energy Cannon . | . . . Ballistic Gun 2 | 1 1 . Ballistic Cannon . | . . . Launcher . | . . . Special Weapon . | . . . Impact Weapon . | . . . Slashing Weapon . | . . . Piercing Weapon . | . . . Special Melee Weapon . | . . . Unidentified Prototypes . | . . . Parts Lost 3 | . 1 2 Power 1 | . . 1 Propulsion . | . . . Utility . | . . . Weapon 2 | . 1 1 Highest Loss Streak 2 | . 1 2 To Critical Strikes . | . . . Average Slot Usage (%) 100 | . 100 100 Engine 14 | . 14 14 Treads 5 | . . 28 Leg 22 | . 28 . Device 14 | . 14 14 Storage 14 | . 14 14 Energy Gun 2 | . 2 . Ballistic Gun 25 | . 25 28 Naked Turns . | . . . Heaviest Build 13 | 12 13 12 Greatest Support 40 | 20 20 40 Greatest Overweight (x) . | . . . Average Overweight (x) . | . . . Largest Inventory Capacity 8 | 8 8 8 Average Capacity 8 | 8 8 8 Most Carried 8 | 8 8 8 Average Carried 7 | 6 7 8 Final Capacity 8 | 8 8 8 Final Carried 8 | 8 8 8 Class Distribution -------------------- 100% | Mutant Dominant Class ---------------- Mutant | -10/Materials Mutant | -10/Mines Resources | -11 -10 -10 ----------- Run | Scr Mat Min Matter Collected 324 | 274 50 . Remotely . | . . . Salvage Created 285 | 125 160 . Parts 24 | 12 12 . Haulers Intercepted . | . . . Recyclers Shooed . | . . . Parts Field Recycled . | . . . Retrieved Matter . | . . . Parts Self-Destructed . | . . . Prevented . | . . . Kills | -11 -10 -10 ------- Run | Scr Mat Min Combat Hostiles Destroyed 5 | . 5 . Guns 5 | . 5 . Classes Destroyed 4 | 2 2 . Tunneler 4 | 4 . . Recycler 1 | 1 . . Swarmer 2 | . 2 . Grunt 3 | . 3 . Best Kill Streak 3 | 3 1 . Combat Bots Only 1 | . 1 . Max Kills in Single Turn 1 | 1 1 . Gunslinging . | . . . Exploded . | . . . Melee . | . . . Uniques/NPCs Destroyed . | . . . Combat | -11 -10 -10 -------- Run | Scr Mat Min Damage Taken 725 | . 492 233 Core 275 | . 231 44 Absorbed by Shields . | . . . Core Remaining (%) 100 | 100 . . Volleys Fired 33 | 15 18 . Largest 2 | 2 2 . Hottest 60 | 60 60 . Shots Fired 65 | 30 35 . Gun 65 | 30 35 . Cannon . | . . . Launcher . | . . . Special . | . . . Kinetic 55 | 24 31 . Thermal . | . . . Explosive . | . . . Electromagnetic 10 | 6 4 . Robot Hit Streak 5 | 5 5 . Robot Miss Streak 3 | 1 3 . Penetration Max . | . . . Secondary Targets 1 | . 1 . Max Gunslinging Chain 1 | . 1 . Shots Hit Robots 39 | 19 20 . Core Hits 16 | 6 10 . Critical Kills . | . . . Critical Parts Destroyed . | . . . Critical Strikes . | . . . Melee Attacks . | . . . Impact . | . . . Slashing . | . . . Piercing . | . . . Sneak Attacks . | . . . Combat Hostiles . | . . . Follow-up Attacks . | . . . Damage Inflicted 439 | 206 233 . Guns 439 | 206 233 . Cannons . | . . . Explosions . | . . . Melee . | . . . Ramming . | . . . Kinetic 412 | 179 233 . Thermal . | . . . Explosive . | . . . Electromagnetic 27 | 27 . . Impact . | . . . Slashing . | . . . Piercing . | . . . Highest Corruption 4 | . . 4 Average Corruption 4 | . . 4 Corruption Purged . | . . . Corruption Blocked . | . . . Overload Shots . | . . . Overflow Damage . | . . . Projectiles . | . . . Explosions . | . . . Melee . | . . . Knockbacks . | . . . Impact . | . . . Kinetic . | . . . Secondary . | . . . Self-Inflicted Damage . | . . . Shots . | . . . Rammed . | . . . Targets Rammed . | . . . Kicked . | . . . Crushed . | . . . Highest Temperature 20 | 20 15 . Average Temperature 10 | 20 8 . Received Heat Transfer 179 | . 159 20 Siege Activations . | . . . Robots Corrupted . | . . . Combat Hostiles . | . . . Parts Fried . | . . . Impact Corruptions . | . . . Robots Melted . | . . . Combat Hostiles . | . . . Parts Melted . | . . . Heat Transferred . | . . . Parts Sabotaged . | . . . Parts Stolen . | . . . Parts Stripped . | . . . Power Chain Reactions . | . . . Missiles Intercepted . | . . . Alert | -11 -10 -10 ------- Run | Scr Mat Min Peak Influence 185 | 25 185 72 Initial 72 | . 16 72 Average 61 | 14 87 69 Maximum Alert Level . | . . . Low Security (%) 100 | 100 100 100 Level 1 . | . . . Level 2 . | . . . Level 3 . | . . . Level 4 . | . . . Level 5 . | . . . High Security . | . . . Max Security . | . . . Squads Dispatched 1 | . 1 . Investigation . | . . . Extermination . | . . . Reinforcement 1 | . 1 . Assault . | . . . Garrison . | . . . Intercept . | . . . Construction Impeded . | . . . Haulers Reinforced . | . . . Active Scanning Responses . | . . . Cargo Convoy Interrupts . | . . . Stealth | -11 -10 -10 --------- Run | Scr Mat Min Distress Signals . | . . . Communications Jammed . | . . . Distress Signals . | . . . Times Spotted 28 | . 9 19 Peak Tracking Total 17 | . 4 17 Tactical Retreats 3 | . 2 1 Traps | -11 -10 -10 ------- Run | Scr Mat Min Traps Triggered . | . . . Indirectly . | . . . Trap Hack Attempts . | . . . Triggered . | . . . Disarmed . | . . . Reprogrammed . | . . . Reused . | . . . Traps Extracted . | . . . Installed . | . . . Triggered . | . . . Machines | -11 -10 -10 ---------- Run | Scr Mat Min Machines Disabled . | . . . Max in Single Turn . | . . . Machines Sabotaged . | . . . Garrisons Compromised . | . . . Overloaded Fab Kills . | . . . Hacking | -11 -10 -10 --------- Run | Scr Mat Min Machines Accessed 1 | . 1 . Terminals 1 | . 1 . Fabricators . | . . . Repair Stations . | . . . Recycling Units . | . . . Scanalyzers . | . . . Garrison Access . | . . . Total Hacks 2 | . 2 . Successful 1 | . 1 . Failed 1 | . 1 . Catastrophic 1 | . 1 . Database Lockouts . | . . . Manual 1 | . 1 . Terminals 2 | . 2 . Fabricators . | . . . Repair Stations . | . . . Recycling Units . | . . . Scanalyzers . | . . . Garrison Access . | . . . Terminal Hacks 1 | . 1 . Prototype ID Bank 1 | . 1 . Fabricator Hacks . | . . . Repair Station Hacks . | . . . Recycling Unit Hacks . | . . . Scanalyzer . | . . . Garrison Access Hacks . | . . . Unauthorized Hacks . | . . . Terminals . | . . . Fabricators . | . . . Repair Stations . | . . . Recycling Units . | . . . Scanalyzers . | . . . Garrison Access . | . . . Data Cores Recovered . | . . . Used . | . . . Hacking Detections 1 | . 1 . Full Trace Events . | . . . Feedback Events . | . . . Feedback Blocked . | . . . Robot Schematics Acquired . | . . . Robots Built . | . . . Authchips . | . . . Time . | . . . Total Robot Build Rating . | . . . Part Schematics Acquired . | . . . Parts Built . | . . . Authchips . | . . . Time . | . . . Total Part Build Rating . | . . . Parts Repaired . | . . . Time . | . . . Parts Recycled . | . . . Recycled Matter . | . . . Retrieved Matter . | . . . Retrieved Components . | . . . Parts Scanalyzed . | . . . Part Schematics Acquired . | . . . Parts Damaged . | . . . Bothacking | -11 -10 -10 ------------ Run | Scr Mat Min Used RIF Installer . | . . . Robots Hacked . | . . . Non-combat . | . . . Combat . | . . . Robot Hacks Applied . | . . . Relay Couplers Released . | . . . Fabnet Peak Effective % . | . . . Robots Rewired . | . . . Allies Hacked . | . . . Hacks Repelled . | . . . Allies | -11 -10 -10 -------- Run | Scr Mat Min Total Allies . | . . . Largest Group . | . . . Highest-Rated Group . | . . . Highest-Rated Ally . | . . . Total Orders . | . . . Ally Attacks . | . . . Total Damage . | . . . Kills . | . . . Allies Corrupted . | . . . Allies Melted . | . . . Intel | -11 -10 -10 ------- Run | Scr Mat Min Robot Analysis Total . | . . . Derelict Logs Recovered . | . . . Drone Launches . | . . . Drone Recoveries . | . . . Exploration | -11 -10 -10 ------------- Run | Scr Mat Min Turns Passed 407 | 134 221 52 Spaces Moved 176 | 44 101 31 Core . | . . . Treads 31 | . . 31 Legs 145 | 44 101 . Wheels . | . . . Hover . | . . . Flight . | . . . Fastest Speed 120 | 120 120 160 Average Speed 127 | 120 120 160 Slowest Speed 160 | 120 120 160 Overloaded Moves . | . . . Propulsion Burnouts . | . . . Robots Hopped . | . . . Cave-ins Triggered . | . . . Exploration Rate (%) 14 | 3 21 18 Regions Visited 2 Branch Regions 1 Pre-discovered Areas . | . . . Known Exits Taken . | . . . Unknown Exits Taken 2 | 1 1 . Scrap Searched . | . . . Spaces Dug . | . . . Terrain Destroyed . | . . . Melee . | . . . Projectile . | . . . AOE . | . . . Terrain Rammed . | . . . Walls Destroyed . | . . . Machines Disabled . | . . . Actions | -11 -10 -10 --------- Run | Scr Mat Min Total 298 | 96 169 33 Wait 76 | 34 42 . Move 174 | 43 100 31 Hop . | . . . Pick Up 6 | 2 4 . Fast Attach 1 | 1 . . Attach 1 | . 1 . Detach . | . . . Swap 4 | 1 1 2 Drop 3 | . 3 . Fire 33 | 15 18 . Melee . | . . . Ram . | . . . Kick . | . . . Crush . | . . . Escape Stasis . | . . . Rewire . | . . . Trap . | . . . Miscellaneous . | . . . Route ------- -11/Scrapyard -10/Materials -10/Mines History --------- Turn | Location | Event 20 | -11/Scrapyard | Discovered new exit (range 3) 135 | -11/Scrapyard | Entered Materials 237 | -10/Materials | Core integrity fell below 50% 317 | -10/Materials | Build established: Mutant 328 | -10/Materials | Core integrity fell below 20% 340 | -10/Materials | Discovered new exit (range 14) 356 | -10/Materials | Entered Mines 384 | -10/Mines | Assembled infested the area 389 | -10/Mines | Assisted by a Guerilla fighting off Assembled 408 | -10/Mines | Destroyed by as-12113 with Assembled Blade Last Messages --------------- 00392_ HV Slug penetrates as-85495. 00392_ as-85495 suffers critical hit (Destroy). 00392_ as-85495 destroyed. 00394_ HV Slug penetrates Wall. 00396_ HV Slug penetrates as-26470. 00396_ as-26470 suffers critical hit (Destroy). 00396_ as-26470 destroyed. 00401_ HV Slug penetrates Seismic Survey Station. 00401_ Seismic Survey Station disabled. 00401_ HV Slug penetrates as-20374. 00401_ as-20374 knocked back. 00401_ HV Slug penetrates Wall. 00401_ Lgt. Assault Rifle destroyed. 00401_ System corrupted by crushing effect (+4). 00404_ as-20598 sneak attacks. 00404_ Lgt. Ion Engine destroyed. 00405_ as-29153 sneak attacks. 00405_ BI-N50(h) destroyed. 00405_ C-30 ARC bursts open, deploying its payload. 00405_ D-53 Grenadier unfolds itself. Map ----- +----------------------------------------------------+ | ?????????????????????????????????????????? | | ?????????????????????????????????????????? | | ????????????????????????????#####????????? | | ???????????????????????????## ##???????? | | ??????????????????????????## #####???? | | ?????????????????????????## ##??? | | ???????????????????###??## #??? | | ??????????????????## ### #??? | | ??????????????????# ##??? | | ??????????????????# ####???? | | ??????????????????## ##??????? | | ???????????????????###### ##???????? | | ????????????????????????## ##????????? | | ?????????????????????????# ##?????????? | | ?????????????????????????# ##??????????? | | ?????????????????????????## ##??????????? | | ??????????????????????????# ###????????? | | ??????????????????????????# ##???????? | | ?????????????????????????## #???????? | | ????????????????????????## #???????? | | ???????????????????????## ####????? | | ???????????????????????# =]! #????? | | ???????????????????????## """%* #????? | | ???????????## ??????????# """! #????? | | ????????? ## ???????# "" #????? | | ???????# "%" ######@ aaa ##????? | | ????????# " aa a aa ##?????? | | ?????????# a a ##??????? | | ??????????##### ##### a# ;###???????? | | ??????????????## ?????# a# ##?????????? | | ???????????????# ??????;a # %#??????????? | | ???????????????#???????? a #??????????? | | ??????????????????????? #??????????? | | ??????????????????????? % ??????????? | | ??????????????????????? ??????????? | | ???????????????????????? ###?????????? | | ???????????????????????? ???????????? | | ???????????????????????? ???????????? | | ????????????????????????# #??????????? | | ????????????????????????? #??????????? | | ????????????????????????? ;#????????????? | | ?????????????????????????????????????????? | | ?????????????????????????????????????????? | | ?????????????????????????????????????????? | | ?????????????????????????????????????????? | | ?????????????????????????????????????????? | | ?????????????????????????????????????????? | | ?????????????????????????????????????????? | | ?????????????????????????????????????????? | | ?????????????????????????????????????????? | +----------------------------------------------------+ Best States ------------- Heat Dissipation 25 Energy Generation 10 Energy Capacity 125 Matter Stores 300 Matter Capacity 300 Sight Range 16 Terrain Scan Density 10 Evasion (%) 55 Recoil Reduction 2 Item Schematics ----------------- None Robot Schematics ------------------ None Fabricated ------------ Nothing Alien Tech Used ----------------- None Achievements -------------- None Challenges ------------ None Game ------ Seed ShieldHoverLeg Manual? 0 Play Time 00:05:09 Cumulative 566.0 hours Start 2022.02.22 @ 04:53:26 End 2022.02.22 @ 04:57:55 Sessions 1 Manual Loads 0 Difficulty Rogue Special Mode None Game No. 135 Rogue 104 Adventurer 31 Explorer 0 Win Type - Total 27 Types 22/0/2/3/0/0/0/0/0 Lore% 74 Gallery% 82 Achievement% 65 Wizard Run 0 Options --------- ASCII 0 Keyboard 0 Movement Arrows Keybinds 0 Fullscreen 1 Font 20/Terminus Map View 66x50 Tactical HUD 1 Map Filters NONE Filters NONE Steam 1 RUN: a73076ee-f3e6-42f5-aee2-5e5d34edbcad